 Dungeon Crawl Stone Soup version 0.32-a0-913-g739538a (webtiles) character file.

Game seed: 15928784856260893758

219 Gimbap the Sneak (level 5, -3/41 HPs)
             Began as a Coglin Brigand on Apr 9, 2024.
             Slain by a goblin
             ... wielding a +0 club
             ... led by Robin
              (5 damage)
             ... on level 2 of the Dungeon.
             The game lasted 00:03:47 (834 turns).

Gimbap the Sneak (Coglin Brigand)                    Turns: 834, Time: 00:03:47

Health: -3/41      AC:  3    Str: 11    XL:     5   Next: 96%
Magic:  5/5        EV: 12    Int: 11    God:
Gold:   8          SH:  0    Dex: 17    Spells: 4/4 levels left

rFire   . . .        a - +2 dagger {Francisca}
rCold   . . .        f - +0 dagger {Edwyna}
rNeg    . . .        b - +0 robe
rPois   .            (no helmet)
rElec   .            c - +0 cloak
rCorr   .            (no gloves)
SInv    .            (no boots)
Will    .....        (amulet unavailable)
Stlth   +++          (ring unavailable)
HPRegen 0.26/turn    (ring unavailable)
MPRegen 0.09/turn    (no gizmo)

%: no passive effects
@: revved
A: off-hand wielding, slow wielding, warmup strikes, no jewellery
a: Invent Gizmo


You were on level 2 of the Dungeon.
You visited 1 branch of the dungeon, and saw 3 of its levels.

You collected 8 gold pieces.

Inventory:

Hand Weapons
 a - a +2 dagger (weapon) {Francisca}
 f - a +0 dagger (offhand) {Edwyna}
Missiles
 d - 9 poisoned darts
Armour
 b - a +0 robe (worn)
 c - a +0 cloak (worn)
Wands
 e - a wand of flame (24)
Scrolls
 g - 4 scrolls of identify {unknown}
 h - a scroll of brand weapon {unknown}
 i - a scroll of fear {unknown}
 j - a scroll of revelation {unknown}
 k - a scroll of vulnerability {unknown}


   Skills:
 + Level 3.6 Fighting
 + Level 3.0 Short Blades
 - Level 2.0 Throwing
 + Level 2.5 Dodging
 - Level 4.0 Stealth


You had 4 spell levels left.
You didn't know any spells.
Your spell library contained the following spells:

 Spells                   Type           Power      Damage    Failure   Level
 Teleport Other           Tloc           0%         N/A       71%         3
 Dispersal                Tloc           0%         N/A       100%        6
 Gell's Gavotte           Tloc           0%         2d(11-16) 100%        6


Dungeon Overview and Level Annotations

Branches:
Dungeon (3/15)

Altars:

Annotations:
D:2 Robin


Innate Abilities, Weirdness & Mutations

You can wield a second weapon in your off-hand.
It takes a long time for you to wield or remove held weapons.
Your first few attacks do less damage.
You cannot equip rings or amulets.


Message History

The hobgoblin is lightly wounded.
You hit the hobgoblin but do no damage. The hobgoblin hits you.
* * * LOW HITPOINT WARNING * * *
You aren't carrying any potions.
You aren't carrying any potions.
Unknown command.
Throw: dart (curare)
Press: ? - help, Q - select action, (/) - cycle Shift-Dir - straight line, f - Robin
Aim: Robin, wielding a +0 trident, wearing a +0 animal skin and wearing a +0 helmet (67% to hit)
You throw a curare-tipped dart.
The curare-tipped dart hits the frilled lizard.
The frilled lizard is poisoned.
The frilled lizard struggles to breathe.
You kill the frilled lizard!
The hobgoblin closely misses you.
Robin says, "Duck!"
Unknown command.
You hit the hobgoblin but do no damage.
The hobgoblin is lightly wounded.
You hit the hobgoblin with your +2 dagger.
The goblin misses you. The hobgoblin closely misses you.
A hobgoblin comes into view.
You barely miss the hobgoblin with your +2 dagger.
The hobgoblin is moderately wounded.
You hit the hobgoblin with your +0 dagger.
The goblin hits you with a +0 dagger.
* * * LOW HITPOINT WARNING * * *
You hit the hobgoblin with your +0 dagger.
You kill the hobgoblin!
The goblin hits you with a +0 dagger.
* * * LOW HITPOINT WARNING * * *
You hit the goblin with your +0 dagger.
The goblin is severely wounded.
You hit the goblin with your +2 dagger.
You kill the goblin!
Robin throws the goblin at you!
You closely miss the goblin with your +2 dagger.
You hit the goblin with your +0 dagger. The goblin misses you.
The goblin hits you with a +0 club.
You die...

#....l..####.. ##
#....g........
#......?..g... .
#...).....###. .
####gg.....# . #####
####.#......# .
...$..#..gg#........
.......g####........
.......g)g@g........
......#######.......
...... ...... #####
..(...


You could see Robin, a hobgoblin (strong) and 2 goblins.

Vanquished Creatures
  Sigmund (D:2)
  Natasha (D:1)
  6 ball pythons
  4 endoplasms (D:1)
  3 giant cockroaches (D:1)
  4 hobgoblins
  2 kobolds (D:1)
  2 quokkas (D:1)
  2 bats (D:1)
  4 frilled lizards
  6 goblins (D:2)
  A rat (D:1)
36 creatures vanquished.

Notes
Turn   | Place    | Note
-------+----------+-------------------------------------------
     0 | D:1      | Gimbap the Coglin Brigand began the quest for the Orb.
     0 | D:1      | Reached XP level 1. HP: 16/16 MP: 1/1
    39 | D:1      | Reached skill level 1 in Dodging
   101 | D:1      | Reached XP level 2. HP: 22/22 MP: 2/2
   409 | D:1      | Reached XP level 3. HP: 23/28 MP: 3/3
   513 | D:2      | Noticed Sigmund
   549 | D:2      | Noticed Natasha
   594 | D:1      | Killed Natasha
   709 | D:2      | Killed Sigmund
   710 | D:2      | Reached skill level 4 in Stealth
   710 | D:2      | Reached XP level 4. HP: 15/35 MP: 4/4
   710 | D:2      | Reached XP level 5. HP: 18/41 MP: 5/5
   759 | D:2      | You fall into a shaft and drop 1 floor!
   804 | D:2      | Noticed Robin
   832 | D:2      | HP: 1/41 [goblin/+0 dagger[Robin] (5)]
   834 | D:2      | Slain by a goblin

Illustrated notes

Levels and vault maps discovered:
D:1:      tarquinn_simple_flora_water_d, layout_rooms
D:2:      layout_rooms, uniq_sigmund, uniq_robin, uniq_natasha
D:3:      layout_rooms, serial_glass, glass_columns_a, glass_columns_a,
          gammafunk_ghost_smash, uniq_terence, uniq_jessica

Skill      XL: |  1  2  3 |
---------------+----------+-----
Dodging        | 1 2 |  2.5
Short Blades   | 2 3 |  3.0
Throwing       | 2 |  2.0
Fighting       | 3 |  3.6
Stealth        | 4 |  4.0

Action                     |  1- 3 |  4- 6 || total
---------------------------+-------+-------++-------
  Melee: Dagger            |    99 |    32 ||   131
  Throw: Dart              |     3 |     1 ||     4
   Stab: Sleeping          |    11 |       ||    11
 Armour: Robe              |    30 |    17 ||    47
  Dodge: Dodged            |    29 |    14 ||    43

Table legend: (Time is in decaauts)
 A = Elapsed time spent in this place.
 B = Non-inter-level travel time spent in this place.
 C = Inter-level travel time spent in this place.
 D = Time resting spent in this place.
 E = Time spent auto-exploring this place.
 F = Levels seen in this place.
 G = Mean time per level.
                   A        B        C        D        E       F      G
               +--------+--------+--------+--------+--------+-----+--------+
         Total |    827 |    772 |     55 |    103 |    448 |   3 |  275.7 |
       Dungeon |    827 |    772 |     55 |    103 |    448 |   3 |  275.7 |
               +--------+--------+--------+--------+--------+-----+--------+

Top non-repeatable levels by time:
     D:1: 662 daAuts
     D:2: 161 daAuts
     D:3: 3 daAuts
